 Dungeon Crawl Stone Soup version 0.18-b1-22-ge198996 (webtiles) character file.

2256 varam the Grappler (level 9, -4/75 HPs)
             Began as a Troll Transmuter on May 3, 2016.
             Slain by a killer bee (11 damage)
             ... on level 7 of the Dungeon.
             The game lasted 00:19:36 (6789 turns).

varam the Grappler (Troll Transmuter)               Turns: 6789, Time: 00:19:38

Health: -4/75      AC:  6    Str: 20    XL:     9   Next: 15%
Magic:  10/13      EV: 19    Int:  9    God:
Gold:   282        SH:  0    Dex: 18    Spells: 4 memorised, 4 levels left

rFire  . . .     SeeInvis .       - Unarmed
rCold  + . .     Gourm    +     (armour currently unavailable)
rNeg   . . .     Faith    .     (shield currently unavailable)
rPois  x         Spirit   .     (helmet currently unavailable)
rElec  .         Dismiss  .     (cloak currently unavailable)
rCorr  .         Reflect  .     (gloves unavailable)
SustAt .         Harm     +     (boots unavailable)
MR     .....                    u - amulet of harm
Stlth  ++........               s - +4 ring of protection
                                q - ring of protection from cold

@: lethally poisoned (-4 -> -5), spider-form (expiring), not resistant to
hostile enchantments, unstealthy
A: unfitting armour, (claws 0), blink, fast metabolism 3, gourmand, regeneration
2, (shaggy fur 0), (tough skin 0)
a: End Transformation, Blink


You were on level 7 of the Dungeon.
You were completely stuffed.
You were a venomous arachnid creature.
You visited 2 branches of the dungeon, and saw 9 of its levels.

You collected 282 gold pieces.

Inventory:

Missiles
 a - 118 arrows
Armour
 b - a +0 robe (melded)
 x - a +0 cloak (melded)
Jewellery
 q - a ring of protection from cold (left front leg)
 r - an uncursed ring of resist corrosion
 s - a +4 ring of protection (right front leg)
 u - an amulet of harm (around neck)
 G - an uncursed ring of fire
Wands
 w - a wand of acid (7/15)
 y - a wand of flame (28/48)
 B - a wand of iceblast (7/15)
 K - a wand of slowing (28/48)
Scrolls
 g - 6 scrolls of identify
 i - 3 scrolls of amnesia
 j - 4 scrolls of remove curse
 k - a scroll of noise
 l - 2 scrolls of enchant armour
 m - 2 scrolls of recharging
 n - 3 scrolls of immolation {unknown}
 v - a scroll of fog {unknown}
 C - a scroll of teleportation {unknown}
 D - a scroll of fear {unknown}
Potions
 e - 3 potions of lignification
 h - 3 potions of curing
 o - 2 potions of flight
 p - a potion of invisibility {unknown}
 z - 4 potions of heal wounds
 H - a potion of haste {unknown}
Books
 c - a book of Changes

   Spells                             Type                      Level
   a - Beastly Appendage              Transmutation                1
   b - Sticks to Snakes               Transmutation                2
   c - Spider Form                    Transmutation/Poison         3
   d - Ice Form                       Ice/Transmutation            4
   e - Blade Hands                    Transmutation                5
 I - a book of Battle

   Spells                             Type                      Level
   a - Infusion                       Charms                       1
   b - Shroud of Golubria             Charms/Translocation         2
   c - Song of Slaying                Charms                       2
   d - Spectral Weapon                Hexes/Charms                 3
   e - Regeneration                   Charms/Necromancy            3
Comestibles
 d - 3 bread rations
 f - 2 slices of pizza
 t - 3 beef jerkies
 A - 2 royal jellies
 E - 3 fruits
 F - 2 meat rations


   Skills:
 - Level 0.7 Fighting
 - Level 1.5 Dodging
 + Level 9.9 Unarmed Combat
 + Level 3.3 Spellcasting
 + Level 4.1 Transmutations
 + Level 1.8 Ice Magic


You had 4 spell levels left.
You knew the following spells:

 Your Spells              Type           Power        Failure   Level  Hunger
a - Beastly Appendage     Trmt           #.....       21%         1    #......
b - Sticks to Snakes      Trmt           #.......     28%         2    ###....
c - Spider Form           Trmt/Pois      #.........   65%         3    ###....
d - Ice Form              Ice/Trmt       #.......     96%         4    #####..


Dungeon Overview and Level Annotations

Branches:
Dungeon (8/15)             Temple (1/1) D:5
   Lair: D:8-11

Altars:
Ashenzari
Cheibriados
Dithmenos
Elyvilon
Fedhas
Gozag
Makhleb
Nemelex Xobeh
Okawaru
Qazlal
Ru
Sif Muna
Trog
Vehumet
Xom
Yredelemnul
Zin
The Shining One

Shops:
D:4 *

Annotations:
D:5 exclusion: statue


Innate Abilities, Weirdness & Mutations

You are too large for most types of armour.
((You have claws for hands.))
Your metabolism is lightning-fast.
You like to eat raw meat.
You heal very quickly.
((You are covered in fur (AC +1).))
((You have very tough skin (AC +2).))
You can translocate small distances at will.


Message History

The killer bee stings you but does no damage.
The killer bee barely misses you. The killer bee completely misses you.
The killer bee stings you.
* * * LOW HITPOINT WARNING * * *
The killer bee closely misses you. The killer bee misses you.
The killer bee completely misses you.
You feel sick. The killer bee barely misses you. The killer bee misses you. x2
The killer bee completely misses you.
You feel sick. The killer bee closely misses you. x2
The killer bee stings you but does no damage.
You feel sick. The killer bee closely misses you.
You are too injured to fight recklessly!
You are too injured to fight recklessly!
You closely miss the killer bee. The killer bee misses you. x2
You barely miss the killer bee.
Your transformation is almost over.
You feel sick. The killer bee completely misses you.
You hit the killer bee but do no damage.
The killer bee is poisoned.
The killer bee stings you!
You die...

#.........#.#)...###
#.........#.##......
####......(..#.####.
#####.............#....
#.....#.....[)..##.....
#.###.##.....<###..#..#
#.# #.##.#....)........
###.###.##y.....[####.##.
#.......syyy..........##.
#.#.###.#######..........
#.#.# #.# #.#########
#.#.# #.# #.# ###.#.# #.#
#.######## #...#.# #.#
#........# #.###)###.#
########.# ##.#.......#
#.# ##^...#)##### #.#


You could see 4 killer bees.

Vanquished Creatures
  Duvessa (D:5)
  A black bear (D:6)
  A necrophage (D:7)
  A sky beast (D:6)
  2 centaurs
  3 ogres
  3 giant frogs (D:6)
  Dowan (D:5)
  A scorpion (D:7)
  3 wights
  5 howler monkeys
  A giant frog zombie (D:7)
  A crimson imp (D:5)
  3 hounds
  A gnoll shaman (D:7)
  4 orc wizards (D:4)
  2 orc priests
  A giant frog skeleton (D:7)
  Jessica (D:3)
  4 worker ants
  3 hound skeletons
  9 adders
  9 gnolls
  3 shadow imps
  An ooze (D:3)
  An adder skeleton (D:4)
  6 giant geckos
  22 orcs
  8 giant cockroaches
  3 goblins
  7 hobgoblins
  6 jackals
  4 quokkas
  2 ball pythons
  A ball python skeleton (D:6)
  14 bats
  A giant cockroach zombie (D:5)
  6 giant newts
  3 kobolds
  6 rats
  A bush (D:3)
  2 plants (D:3)
158 creatures vanquished.

Notes
Turn   | Place    | Note
--------------------------------------------------------------
     0 | D:1      | varam the Troll Transmuter began the quest for the Orb.
     0 | D:1      | Reached XP level 1. HP: 18/18 MP: 1/1
   216 | D:1      | Reached XP level 2. HP: 26/26 MP: 1/3
   705 | D:2      | Found a shadowy altar of Dithmenos.
   847 | D:2      | Reached XP level 3. HP: 4/32 MP: 2/4
  1339 | D:2      | Reached XP level 4. HP: 15/40 MP: 4/6
  2069 | D:3      | Noticed Jessica
  2079 | D:3      | Killed Jessica
  2106 | D:3      | Reached XP level 5. HP: 41/46 MP: 7/7
  2929 | D:4      | Learned a level 2 spell: Sticks to Snakes
  2933 | D:4      | Learned a level 3 spell: Spider Form
  2960 | D:4      | Found Ziyngif's General Store.
  3020 | D:4      | Found a shattered altar of Ashenzari.
  3030 | D:4      | Found a blossoming altar of Fedhas.
  3031 | D:4      | Found an opulent altar of Gozag.
  3031 | D:4      | Found a snail-covered altar of Cheibriados.
  3069 | D:4      | Found a glowing golden altar of the Shining One.
  3143 | D:4      | Reached XP level 6. HP: 53/54 MP: 1/9
  3425 | D:4      | Reached skill level 4 in Unarmed Combat
  3473 | D:4      | Found a white marble altar of Elyvilon.
  4000 | D:5      | Entered Level 5 of the Dungeon
  4039 | D:5      | Reached skill level 5 in Unarmed Combat
  4130 | D:5      | Reached XP level 7. HP: 38/61 MP: 1/10
  4431 | D:5      | Reached skill level 6 in Unarmed Combat
  4445 | D:5      | Found a staircase to the Ecumenical Temple.
  4470 | Temple   | Entered the Ecumenical Temple
  4530 | D:5      | Noticed Duvessa
  4530 | D:5      | Noticed Dowan
  4543 | D:5      | Killed Duvessa
  4543 | D:5      | Reached skill level 7 in Unarmed Combat
  4562 | D:5      | Killed Dowan
  4923 | D:5      | Found a radiant altar of Vehumet.
  5226 | D:6      | Reached skill level 8 in Unarmed Combat
  5226 | D:6      | Reached XP level 8. HP: 60/68 MP: 11/11
  5260 | D:6      | Gained mutation: You can translocate small distances at will. [mutagenic meat]
  5269 | D:6      | Got a slimy hat
  5275 | D:6      | Identified the cursed +0 hat of Fortitude {-Cast rF+ Regen+} (You found it on level 6 of the Dungeon)
  5411 | D:6      | Reached skill level 9 in Unarmed Combat
  5497 | D:6      | Learned a level 4 spell: Ice Form
  5886 | D:7      | Reached skill level 1 in Ice Magic
  5937 | D:7      | Found an iron altar of Okawaru.
  6050 | D:7      | Found a burning altar of Makhleb.
  6164 | D:7      | Reached XP level 9. HP: 75/75 MP: 8/12
  6789 | D:7      | Slain by a killer bee

Skill      XL: |  1  2  3  4  5  6  7  8  9 |
---------------+----------------------------+-----
Transmutations | 2 3 4 |  4.1
Spellcasting   | 2 3 |  3.3
Unarmed Combat | 5 8 9 |  9.9
Ice Magic      | 1 |  1.8
Fighting       | |  0.7
Dodging        | |  1.5

Action                   |  1- 3 |  4- 6 |  7- 9 || total
-------------------------+-------+-------+-------++-------
Melee: Unarmed           |    88 |   296 |   194 ||   578
       Headbutt          |     4 |     5 |     5 ||    14
       Kick              |     2 |    15 |     8 ||    25
       Punch             |       |     7 |     3 ||    10
 Cast: Beastly Appendage |    21 |    21 |    11 ||    53
       Spider Form       |       |     8 |    21 ||    29
  Use: Scroll            |       |       |    10 ||    10
  Eat: Chunk             |    16 |    29 |    32 ||    77
Armor: Robe              |    61 |    76 |    45 ||   182
       Skin              |       |     7 |    19 ||    26
Dodge: Dodged            |    60 |   103 |   156 ||   319
